 Dungeon Crawl Stone Soup version 0.29-a0-962-gc8bbfd0a37 (webtiles) character file.

Game seed: 1342845347333483526

114 spiderkeys the Trooper (level 4, -7/33 HPs)
             Began as an Octopode Chaos Knight on July 31, 2022.
             Was a Plaything of Xom.
             Mangled by a fire crab (shapeshifter) (10 damage)
             ... on level 4 of the Dungeon.
             The game lasted 00:05:50 (3733 turns).

spiderkeys the Trooper (Octopode Chaos Knight)      Turns: 3733, Time: 00:05:50

Health: -7/33      AC:  1    Str: 11    XL:     4   Next: 98%
Magic:  0/4        EV: 14    Int: 14    God:    Xom [*.....]
Gold:   159        SH:  0    Dex: 13    Spells: 3/3 levels left

rFire   . . .      SeeInvis .   a - +0 spear (chaos)
rCold   . . .      Faith    .   (no shield)
rNeg    . . .      Spirit   +   (helmet restricted)
rPois   +          Reflect  .   G - amulet of guardian spirit
rElec   .          Harm     .   R - ring of resist corrosion
rCorr   +          Rampage  .   (no ring)
Will    .....                   (no ring)
Stlth   ++........              (no ring)
HPRegen 0.11/turn               (no ring)
MPRegen 0.09/turn               (no ring)
                                (no ring)
                                (no ring)

@: no status effects
A: almost no armour, amphibious, 8 rings, camouflage 1, gelatinous body 1,
(nimble swimmer 1), tentacles, tentacle spike 1, poison resistance
a: Renounce Religion


You were on level 4 of the Dungeon.
You worshipped Xom.
You were a special plaything of Xom.
You visited 1 branch of the dungeon, and saw 4 of its levels.

You collected 159 gold pieces.


Innate Abilities, Weirdness & Mutations

You cannot wear most types of armour.
You are amphibious.
You can wear up to eight rings at the same time.
Your skin changes colour to match your surroundings (Stealth+).
Your rubbery body absorbs attacks. (AC +1, EV +1)
((You are camouflaged when in or above water. (Stealth+)))
You have tentacles for arms and can constrict up to eight enemies at once.
One of your tentacles bears a spike.
Your system is resistant to poisons. (rPois)


   Skills:
 + Level 4.0 Fighting
 + Level 3.9 Polearms
 + Level 3.5 Dodging


You had 3 spell levels left.
You didn't know any spells.
Your spell library was empty.

Inventory:

Hand Weapons
 a - a +0 spear of chaos (weapon)
Missiles
 c - 36 stones
 l - 2 throwing nets {=f!f}
Jewellery
 G - an amulet of guardian spirit (around mantle)
   (You found it on level 1 of the Dungeon)
 P - a ring of poison resistance
   (You found it on level 4 of the Dungeon)
 R - a ring of resist corrosion (left tentacle)
   (You found it on level 1 of the Dungeon)
Scrolls
 g - a scroll of amnesia
 h - a scroll of acquirement
Potions
 d - 2 potions of heal wounds {unknown}
 e - 3 potions of curing {unknown}
 f - a potion of mutation {unknown}
 i - 2 potions of flight {unknown}
 j - a potion of magic {unknown}
Miscellaneous
 b - a piece from Xom's chessboard (15/15) (quivered)

Dungeon Overview and Level Annotations

Branches:
Dungeon (4/15) Zot: 20279
 Temple: D:4-7

Altars:
Sif Muna
Vehumet

Shops:
D:2

[ #.# #.# #.#
##.########
.##.###..........
...°...<.########
..#°####.# #°# #.#
# #°# #.####### #
# #t#
#.......#####
....####@#
#######......
#..$°°°# #######
##.###°# # #°# #
#.# ### #.# #..
#.# ############.#
#.###............#
#.....############


You could see a fire crab shaped shifter (ally target) and a friendly quasit
(summoned).


Message History

The gnoll refuses to make way for you. (Use ctrl+direction or * direction to attack.)
The gnoll refuses to make way for you. (Use ctrl+direction or * direction to attack.)
You barely miss the gnoll.
The gnoll shouts!
Your grab misses the gnoll.
You pierce the gnoll.
The gnoll hits you with a +0 halberd! 😕 HP[-6] MP[-1]
You take 6 damage, and now have 27/33 hp.
You lost 1 mp, and now have 3/4 mp.
You hit the gnoll. You grab the gnoll. You squeeze the gnoll!
You kill the gnoll!
You feel your dexterity returning.
Your Fighting skill increases to level 4!
Things that are here:
a +0 halberd; a gnoll corpse
There is a radiant altar of Vehumet here.
You open the door.
Found a shimmering blue altar of Sif Muna. 😎 HP[+6] MP[+1]
Your hp is fully restored (33).
Your mp is fully restored (4).
Done exploring.
Done exploring.
There is a radiant altar of Vehumet here.
There is a stone staircase leading down here.
You climb downwards.
Xom shushes you conspicuously.
You feel stealthy.
There is a stone staircase leading up here.
A goblin comes into view. It is wielding a +0 dagger.
Found a garnet ring.
Found a stone staircase leading up.
The goblin shouts!
You hit the goblin but do no damage. Your grab misses the goblin.
You squeeze the goblin.
You kill the goblin!
No target in view!
No target in view!
P - a ring of poison resistance
Okay, then.
You feel less stealthy.
Key pressed, stopping explore.
A giant cockroach comes into view.
A giant cockroach is nearby!
An adder comes into view.
You reach to attack!
You barely miss the adder. You hit the adder.
The adder is poisoned.
Your grab misses the adder.
Your tentacle spike misses the adder.
Your squeeze misses the adder. The adder bites you but does no damage.
You closely miss the adder. Your grab misses the adder.
You pierce the adder.
Your squeeze misses the adder. "Serve the mortal, my children!"
The adder bites you. The adder misses you. 😕 HP[-2] MP[-1]
You take 2 damage, and now have 31/33 hp.
You lost 1 mp, and now have 3/4 mp.
You hit the adder.
The adder changes into a shapeshifter!
Xom thinks this is hilarious!
Your grab misses the shapeshifter.
You pierce the shapeshifter.
The shapeshifter changes into a fire crab!
You barely miss the fire crab. You grab the fire crab.
You pierce the fire crab, but do no damage.
You constrict the fire crab, but do no damage.
You swap places.
You release your grip on the fire crab.
Your white imp barely misses the fire crab.
The fire crab breathes flames at you.
The blast of flame engulfs your white imp!
Your white imp is burned terribly!
Your white imp dies!
Your white imp disappears in a puff of smoke!
Your quasit is engulfed in blazing flames.
The giant cockroach is engulfed in blazing flames.
The giant cockroach dies!
Your ufetubus is engulfed in blazing flames.
Your ufetubus dies!
Your ufetubus disappears in a puff of smoke! 😕 HP[+1] Unknown command.
Press: ? - help, v - describe, . - travel
Here: a fire crab shaped shifter (flame, lightly wounded, ally target)
The floor, spattered with blood.
As you read the scroll labelled NOUNOO ZEIQUP, it crumbles to dust.
Your body is wracked with pain!
The fire crab convulses!
It was a scroll of torment.
You are engulfed in blazing flames.
* * * LOW HITPOINT WARNING * * *
Your quasit is engulfed in blazing flames. 😱 HP[-24] MP[-3]
You take 24 damage, and now have 8/33 hp.
MASSIVE DAMAGE!! (PAUSE)
You lost 3 mp, and now have 0/4 mp.
This is a scroll of acquirement!
Okay, then.
Okay, then.
You swap places.
The fire crab attacks as you move away! The fire crab bites you.
* * * LOW HITPOINT WARNING * * *
You emit a cloud of colourful smoke!
You are engulfed in flames!
You die...
Xom bursts into laughter!

Skill      XL: |  1  2  3  4 |
---------------+-------------+-----
Dodging        | 3 |  3.5
Fighting       | 4 |  4.0
Polearms       | |  3.9

Action                   |  1- 3 |  4- 6 || total
-------------------------+-------+-------++-------
Melee: Spear             |    83 |    61 ||   144
       Constrict         |    10 |    17 ||    27
       Tentacles         |     9 |    14 ||    23
       Punch             |     1 |       ||     1
       Kick              |       |     6 ||     6
  Use: Scroll            |       |     6 ||     6
 Stab: Sleeping          |    10 |     2 ||    12
Armor: Skin              |     8 |     2 ||    10
Dodge: Dodged            |    33 |    13 ||    46

Levels and vault maps discovered:
D:1:      dpeg_arrival_short_road, layout_basic,
          chequers_ecumenical_altar_island,
          nicolae_concentric_dashed_squares_wild
D:2:      layout_loops_corners, serial_shops, nicolae_shop_crystal
D:3:      wad_woods_settlement, layout_loops_corners, lemuel_blue_sif_altar,
          old_standard_altar, minmay_cut_off
D:4:      corexii_shantytown, layout_loops_ring, kennysheep_mini_moat,
          temple_statues, uniq_blork_the_orc, uniq_ijyb

Notes
Turn   | Place    | Note
-------+----------+-------------------------------------------
     0 | D:1      | spiderkeys the Octopode Chaos Knight began the quest for
                  | the Orb.
     0 | D:1      | Reached XP level 1. HP: 16/16 MP: 1/1
     0 | D:1      | magus.rc [v1.11.3]
    79 | D:1      | XOM: divination: detect creatures
   509 | D:1      | Reached XP level 2. HP: 21/21 MP: 2/2
   705 | D:1      | Found a faded altar of an unknown god.
   776 | D:1      | XOM: silly message
  1062 | D:2      | XOM: butterfly on damage
  1190 | D:2      | XOM: noise
  1254 | D:2      | Found Qaan's Armour Shoppe.
  1398 | D:2      | Reached XP level 3. HP: 25/26 MP: 3/3
  1732 | D:2      | XOM: summons 1 hostile shadow creature
  1749 | D:2      | Reached skill level 3 in Dodging
  1933 | D:2      | XOM: summons 2 hostile demons
  2267 | D:3      | Found a radiant altar of Vehumet.
  2299 | D:3      | XOM: smoke on damage
  2407 | D:3      | Reached XP level 4. HP: 27/33 MP: 4/4
  2568 | D:3      | XOM: 1-stop teleportation journey
  2771 | D:3      | XOM: 5-stop teleportation journey
  2829 | D:3      | XOM: fake destruction
  3124 | D:3      | XOM: enchant monster (good)
  3159 | D:3      | XOM: god gift: glowing robe {god gift}
  3287 | D:3      | XOM: give mutations
  3287 | D:3      | Gained mutation: Your system is resistant to poisons.
                  | (rPois) [Xom's grace]
  3287 | D:3      | Gained mutation: One of your tentacles bears a spike.
                  | [Xom's grace]
  3454 | D:3      | Reached skill level 4 in Fighting
  3615 | D:3      | Found a shimmering blue altar of Sif Muna.
  3662 | D:4      | XOM: stealth player
  3728 | D:4      | XOM: summons 3 friendly demons
  3729 | D:4      | Noticed a shapeshifter
  3729 | D:4      | an adder changed into a shapeshifter
  3729 | D:4      | Noticed a fire crab
  3729 | D:4      | a shapeshifter changed into a fire crab
  3732 | D:4      | HP: 8/33 [fire crab (shapeshifter)] (11)]
  3733 | D:4      | Identified a scroll of acquirement
  3733 | D:4      | HP: 3/33 [fire crab (shapeshifter) (5)]
  3733 | D:4      | XOM: smoke on damage
  3733 | D:4      | Mangled by a fire crab (shapeshifter)

Vanquished Creatures
  3 gnolls (D:3)
  2 adders
  A worm (D:2)
  A dart slug (D:3)
  7 bats
  3 endoplasms
  4 giant cockroaches
  5 goblins
  3 hobgoblins
  6 kobolds
  8 quokkas
  7 ball pythons
  2 frilled lizards (D:2)
  A rat (D:3)
53 creatures vanquished.

Vanquished Creatures (others)
  A gnoll (D:3)
  A ball python (D:3)
  A giant cockroach (D:4)
  A hobgoblin (D:3)
  A quokka (D:3)
  34 plants (D:3)
39 creatures vanquished.

Grand Total: 92 creatures vanquished

Table legend:
 A = Non-vault XP
 B = Vault XP
 C = Vault XP percentage of total XP
 D = Non-vault monster count
 E = Vault monster count
 F = Vault count percentage of total count
                 A         B        C        D         E       F
            +---------+---------+-------+---------+---------+-------
      Total |     108 |      56 |  34.1 |      45 |      10 |  18.2
            +---------+---------+-------+---------+---------+-------
        D:1 |      16 |       0 |   0.0 |       9 |       0 |   0.0
        D:2 |      42 |       0 |   0.0 |      17 |       0 |   0.0
        D:3 |      48 |      56 |  53.8 |      18 |      10 |  35.7
        D:4 |       2 |       0 |   0.0 |       1 |       0 |   0.0
            +---------+---------+-------+---------+---------+-------

Illustrated notes

Table legend:
 A = Kills in this place as a percentage of kills in entire the game.
 B = Kills by you in this place as a percentage of kills by you in the entire game.
 C = Kills by friends in this place as a percentage of kills by friends in the entire game.
 D = Other kills in this place as a percentage of other kills in the entire game.
 E = Experience gained in this place as a percentage of experience gained in the entire game.
 F = Experience gained in this place divided by the number of levels of this place that you have seen.
                   A       B       C       D       E      F
               +-------+-------+-------+-------+-------+----------------------
         Total | 100.0 | 100.0 |   N/A | 100.0 | 100.0 |  41.0
       Dungeon | 100.0 | 100.0 |   N/A | 100.0 | 100.0 |  41.0
               +-------+-------+-------+-------+-------+----------------------

Table legend: (Time is in decaauts)
 A = Elapsed time spent in this place.
 B = Non-inter-level travel time spent in this place.
 C = Inter-level travel time spent in this place.
 D = Time resting spent in this place.
 E = Time spent auto-exploring this place.
 F = Levels seen in this place.
 G = Mean time per level.
                   A        B        C        D        E       F      G
               +--------+--------+--------+--------+--------+-----+--------+
         Total |   3720 |   3649 |     71 |     22 |   3148 |   4 |  930.0 |
       Dungeon |   3720 |   3649 |     71 |     22 |   3148 |   4 |  930.0 |
               +--------+--------+--------+--------+--------+-----+--------+

Top non-repeatable levels by time:
     D:3: 1464 daAuts
     D:2: 1169 daAuts
     D:1: 1016 daAuts
     D:4: 70 daAuts
